[Event "Masters Tournament (MTO)"]
[Site "Biel, Switzerland"]
[Date "2026.07.13"]
[Round "1.1"]
[White "Ganguly, Surya Shekhar"]
[Black "Kwiatkowski, Jakub"]
[Result "1-0"]
[TimeControl "100+30+30sec/move"]
[WhiteTitle "-"]
[BlackTitle "-"]
[WhiteFideId "5002150"]
[BlackFideId "1348736"]
[WhiteElo "2578"]
[BlackElo "2107"]

1. Nf3 Nf6 2. c4 e6 3. Nc3 d5 4. e3 c5 5. cxd5 exd5 6. d4 Nc6 7. Bb5 a6 8. Bxc6+ bxc6 9. O-O Bd6 10.
dxc5 Bxc5 11. Qc2 Bd6 12. e4 Be7 13. Nd4 Qb6 14. Na4 Qxd4 15. Qxc6+ Bd7 16. Qxa8+ Bd8 17. Nc3 dxe4 18. Bg5 O-O 19.
Rad1 Qe5 20. Bxf6 Bxf6 21. Qxe4 Be6 22. Qxe5 Bxe5 23. f4 Bxc3 24. bxc3 Bxa2 25. Rd4 Rc8 26. Rfd1 g6 27. Rd8+ Rxd8 28.
Rxd8+ Kg7 29. Kf2 1-0

[Event "Masters Tournament (MTO)"]
[Site "Biel, Switzerland"]
[Date "2026.07.13"]
[Round "1.2"]
[White "Ragavan, Samarth Rajesh"]
[Black "Acs, Peter"]
[Result "0-1"]
[TimeControl "100+30+30sec/move"]
[WhiteTitle "-"]
[BlackTitle "-"]
[WhiteFideId "39918106"]
[BlackFideId "708020"]
[WhiteElo "2106"]
[BlackElo "2561"]

1. d4 Nf6 2. c4 g6 3. g3 Bg7 4. Bg2 O-O 5. Nc3 d6 6. Nf3 Nbd7 7. O-O e5 8. e4 exd4 9. Nxd4 Re8 10.
Re1 a6 11. h3 Rb8 12. f4 Nc5 13. b4 Ne6 14. Be3 Nh5 15. Kh2 c5 16. bxc5 Nxc5 17. Qc2 Bd7 18. Rad1 Qc8 19. Nde2 Bf8 20.
g4 Ng7 21. Bxc5 Qxc5 22. Nd5 Red8 23. Nf6+ Kh8 24. Nxd7 Rxd7 25. Rd5 Qc7 26. Qd3 Rdd8 27. Rd1 Ne6 28. f5 Nc5 29. Qc3+ Kg8 30.
Nf4 Bh6 31. Qg3 Bg7 32. g5 Re8 33. f6 Bf8 34. R5d4 Qa5 35. Nd5 Qxa2 36. Ne7+ Bxe7 37. fxe7 Ne6 38. Rxd6 Qxc4 39. Rd7 b5 40.
Qa3 b4 41. Qa5 Qc8 42. e5 b3 43. Bb7 Qc2+ 44. R1d2 Qf5 45. Rd8 Qf4+ 46. Kh1 b2 47. Rxe8+ Rxe8 48. Rxb2 Qc1+ 0-1

[Event "Masters Tournament (MTO)"]
[Site "Biel, Switzerland"]
[Date "2026.07.13"]
[Round "1.3"]
[White "Ghosh, Diptayan"]
[Black "Papaux, Jeremie"]
[Result "1-0"]
[TimeControl "100+30+30sec/move"]
[WhiteTitle "-"]
[BlackTitle "-"]
[WhiteFideId "5045207"]
[BlackFideId "1340867"]
[WhiteElo "2554"]
[BlackElo "2102"]

1. c4 e6 2. Nc3 d5 3. d4 Be7 4. cxd5 exd5 5. Bf4 c6 6. e3 Bf5 7. g4 Be6 8. Bd3 g5 9. Be5 f6 10.
Bg3 Qd7 11. h3 Bd6 12. Nge2 Ne7 13. Qb3 b5 14. Bxd6 Qxd6 15.
Ng3 Nd7 16. Qc2 Nf8 17. Nh5 Kf7 18. f4 gxf4 19. exf4 Bd7 20. f5 c5 21. dxc5 Qxc5 22. Qf2 Qxf2+ 23. Kxf2 a6 24. Rhe1 Bc6 25.
Rad1 Nd7 26. Re6 Bb7 27. Bc2 Rhe8 28. Ne4 Nxf5 29. gxf5 Rxe6 30. fxe6+ Kxe6 31. Nc3 Nb6 32. Bxh7 Nc4 33.
b3 Ne5 34. Nf4+ Kf7 35. Bf5 Bc8 36. Bb1 Bb7 37. Ncxd5 Rg8 38. Ne3 Bf3 39. Rd6 Rc8 40. Nd3 Nxd3+ 41. Bxd3 1-0

[Event "Masters Tournament (MTO)"]
[Site "Biel, Switzerland"]
[Date "2026.07.13"]
[Round "1.4"]
[White "Monteverde, Jonathan"]
[Black "Aronyak, Ghosh"]
[Result "0-1"]
[TimeControl "100+30+30sec/move"]
[WhiteTitle "-"]
[BlackTitle "-"]
[WhiteFideId "1314580"]
[BlackFideId "25072846"]
[WhiteElo "2098"]
[BlackElo "2549"]

1. d4 Nf6 2. c4 e6 3. Nc3 Bb4 4. Qc2 O-O 5. Nf3 d6 6. Bd2 c5 7. dxc5 Bxc5 8. e3 e5 9. Be2 h6 10.
O-O Qe7 11. Rfd1 Nc6 12. Be1 Re8 13. a3 e4 14. Nd2 Bf5 15. b4 Bb6 16. Nf1 Ne5 17. Ng3 Bg6 18. Nd5 Nxd5 19. Rxd5 Rac8 20.
Qb3 Nd3 21. Bg4 Rc6 22. Nf5 Qc7 23. c5 dxc5 24. Rd7 c4 25. Qc3 Qe5 26. Rd5 Qxc3 27. Bxc3 Bc7 28. Nd4 Rd6 29. Nb5 Rxd5 30.
Nxc7 Rdd8 31. Nxe8 Rxe8 32. Be2 f6 33. Kf1 Rd8 34. Rd1 Rd5 35. Bxd3 exd3 36. Bd2 Rd6 37. Rc1 Bf7 38. e4 Ra6 39.
Rc3 Kf8 40. f3 Ke8 41. Kf2 Kd7 42. Ke3 Kc6 43. Be1 Kb5 44. Bd2 Rd6 45. g4 Ka4 46. h4 h5 47. gxh5 Rd8 48. h6 gxh6 49.
Rc1 Rg8 50. Kf2 Kb3 51. Bc3 f5 52. Bd4 d2 0-1

[Event "Masters Tournament (MTO)"]
[Site "Biel, Switzerland"]
[Date "2026.07.13"]
[Round "1.5"]
[White "Sasikiran, Krishnan"]
[Black "Schmidt, Florian Pascal"]
[Result "1-0"]
[TimeControl "100+30+30sec/move"]
[WhiteTitle "-"]
[BlackTitle "-"]
[WhiteFideId "5004985"]
[BlackFideId "16256840"]
[WhiteElo "2546"]
[BlackElo "2095"]

1. e4 c5 2. Nf3 d6 3. d4 cxd4 4. Nxd4 Nf6 5. Nc3 a6 6. h3 e5 7. Nf3 Be7 8. g4 h6 9. Rg1 b5 10.
g5 hxg5 11. Nxg5 Bb7 12. Be3 Nbd7 13. a4 b4 14. Bc4 O-O 15. Nd5 Nxd5 16. exd5 Nf6 17. a5 Qc7 18. Bb3 Bc8 19. Qf3 Ne8 20.
h4 Bd7 21. h5 Qc8 22. h6 Bf5 23. hxg7 Nxg7 24. Ne4 Bxe4 25. Qxe4 f5 26. Qxb4 Rb8 27. Bb6 Qb7 28. O-O-O Rf6 29.
Rg2 Kf7 30. Rdg1 Bf8 31. Qh4 Rc8 32. Qh7 Ke8 33. Ba4+ 1-0

[Event "Masters Tournament (MTO)"]
[Site "Biel, Switzerland"]
[Date "2026.07.13"]
[Round "1.6"]
[White "Iafelice, Vincenzo"]
[Black "Kozak, Adam"]
[Result "0-1"]
[TimeControl "100+30+30sec/move"]
[WhiteTitle "-"]
[BlackTitle "-"]
[WhiteFideId "810541"]
[BlackFideId "753246"]
[WhiteElo "2086"]
[BlackElo "2531"]

1. e4 e5 2. Nf3 Nc6 3. Bc4 Bc5 4. c3 Nf6 5. d3 d6 6. O-O a5 7. Re1 Ba7 8. Nbd2 O-O 9. Nf1 Be6 10.
Bb5 Ne7 11. Ng3 c6 12. Ba4 Ng6 13. Be3 Bxe3 14. Rxe3 h5 15. h3 h4 16. Nf5 Bxf5 17. exf5 Nf4 18. Bc2 Re8 19. Qd2 N6d5 20.
Re4 Qf6 21. Kh2 Qxf5 22. Nxh4 Qg5 23. g3 Nxh3 24. Qxg5 Nxg5 25. Rg4 Ne6 26. Nf5 Rad8 27. Kg2 Nf6 28. Rh4 g6 29. Ne3 d5 30.
Re1 Kg7 31. f3 Rh8 32. Rxh8 Rxh8 33. Nf1 Nd7 34. Nd2 Kf6 35. Nb3 Ra8 36. Nd2 Ra6 37. Kf2 Rb6 38. Rb1 Ke7 39. Bd1 Ra6 40.
Be2 Ra8 41. Rh1 b5 42. Rh4 Ndc5 43. Rh1 Na4 44. Rb1 b4 45. c4 Rh8 46. Nf1 Kd6 47. Bd1 Nac5 48. Be2 Nd4 49. Rd1 f5 50.
Rd2 f4 51. Bd1 g5 52. Kg2 Nf5 53. cxd5 cxd5 54. Be2 Ne6 0-1

[Event "Masters Tournament (MTO)"]
[Site "Biel, Switzerland"]
[Date "2026.07.13"]
[Round "1.7"]
[White "Gopal, G.N."]
[Black "Yasaswi, Krishna Bommi"]
[Result "1-0"]
[TimeControl "100+30+30sec/move"]
[WhiteTitle "-"]
[BlackTitle "-"]
[WhiteFideId "5015693"]
[BlackFideId "33368783"]
[WhiteElo "2529"]
[BlackElo "2085"]

1. e4 c5 2. Nf3 e6 3. d4 cxd4 4. Nxd4 Nc6 5. Nc3 Qc7 6. Be3 a6 7. a3 b5 8. Nxc6 Qxc6 9. Be2 Bb7 10.
O-O Nf6 11. Bf3 e5 12. a4 Bc5 13. Re1 Bxe3 14. Rxe3 Qb6 15. Nd5 Nxd5 16. exd5 d6 17. Rb3 Rc8 18. axb5 axb5 19. Qd3 Rc5 20.
c4 O-O 21. Rxb5 Rxb5 22. cxb5 f5 23. Be2 e4 24. Qe3 Qxe3 25. fxe3 Rc8 26. b3 Bxd5 27. Rd1 Bxb3 28. Rxd6 Rb8 29. Kf2 Kf7 30. h4 Ke7 31.
Rd4 Ke6 32. Kg3 Rc8 33. b6 Rb8 34. Rb4 Bd5 35. Kf4 Bc6 36. Rb2 Kf6 37. Ba6 Bb7 38. Bxb7 Rxb7 39. g4 g6 40. gxf5 gxf5 41.
Rb5 Ke6 42. Re5+ Kd7 43. Rxf5 Rxb6 44. Rf7+ Ke6 45. Rxh7 Rb4 46. Rh6+ Kf7 47. Rh5 Kg6 48. Re5 Rb1 49. h5+ Kf6 50.
Ra5 Rb4 51. Ra7 Rb1 52. h6 Rh1 53. Kxe4 Rh5 54. Ra6+ Kf7 55. Kd4 Ke7 56. e4 Kf7 57. e5 Rh1 58. Rf6+ Ke7 59. Ke4 Re1+ 60.
Kf5 Rf1+ 61. Kg6 Rg1+ 62. Kh7 Rg5 63. Rg6 Rxe5 64. Kg7 Kd7 65. h7 Re7 66. Kh6 1-0

[Event "Masters Tournament (MTO)"]
[Site "Biel, Switzerland"]
[Date "2026.07.13"]
[Round "1.8"]
[White "Bucher, Dominic"]
[Black "Alexakis, Dimitris"]
[Result "0-1"]
[TimeControl "100+30+30sec/move"]
[WhiteTitle "-"]
[BlackTitle "-"]
[WhiteFideId "1353144"]
[BlackFideId "4277023"]
[WhiteElo "2078"]
[BlackElo "2525"]

1. e4 c5 2. d4 cxd4 3. c3 dxc3 4. Nxc3 Nc6 5. Nf3 d6 6. Bc4 e6 7. O-O Nf6 8. Qe2 a6 9. Rd1 Qc7 10.
Be3 Be7 11. Rac1 O-O 12. h3 Nd7 13. Nd4 Bf6 14. Bb3 Nc5 15. Ba4 Nxa4 16. Nxa4 Bxd4 17. Kf1 0-1

[Event "Masters Tournament (MTO)"]
[Site "Biel, Switzerland"]
[Date "2026.07.13"]
[Round "1.9"]
[White "Gloeckler, Christian"]
[Black "Gerrits, Augustin"]
[Result "1-0"]
[TimeControl "100+30+30sec/move"]
[WhiteTitle "-"]
[BlackTitle "-"]
[WhiteFideId "34608966"]
[BlackFideId "285358"]
[WhiteElo "2506"]
[BlackElo "2072"]

1. Nf3 d5 2. e3 Nf6 3. c4 c6 4. Nc3 e6 5. b3 Nbd7 6. Qc2 Bd6 7. Bb2 O-O 8. Be2 b6 9. h4 Re8 10.
cxd5 exd5 11. g4 Ne5 12. g5 Nxf3+ 13. Bxf3 Ng4 14. Ne2 Bd7 15. Nd4 Ne5 16. Be2 c5 17. Nf5 Bf8 18. f4 Nc6 19.
h5 Nb4 20. Qb1 Qc8 21. Ng3 d4 22. g6 fxg6 23. hxg6 h6 24. a3 Nd5 25. Qc2 Nxf4 26. Bc4+ Be6 27. O-O-O d3 28. Qc3 Nxg6 29.
Rxh6 gxh6 30. Qf6 Qd7 31. Qxg6+ Bg7 32. Nh5 1-0

[Event "Masters Tournament (MTO)"]
[Site "Biel, Switzerland"]
[Date "2026.07.13"]
[Round "1.10"]
[White "St Pierre, Joseph"]
[Black "Shukhman, Anna"]
[Result "0-1"]
[TimeControl "100+30+30sec/move"]
[WhiteTitle "-"]
[BlackTitle "-"]
[WhiteFideId "30953472"]
[BlackFideId "54180058"]
[WhiteElo "2067"]
[BlackElo "2443"]

1. d4 d5 2. c4 e6 3. Nf3 Nf6 4. g3 Bb4+ 5. Bd2 Bd6 6. Nc3 c6 7. Qb3 O-O 8. Bg2 Nbd7 9. O-O a5 10.
e4 dxc4 11. Qxc4 e5 12. Rad1 Qe7 13. h3 Rb8 14. dxe5 Nxe5 15. Nxe5 Bxe5 16. f4 b5 17. Qe2 Bd4+ 18. Kh2 b4 19.
Na4 Qa7 20. Rf3 Ba6 21. Qe1 Rbe8 22. e5 Nd5 23. Bc1 Bb5 24. Qe4 Bxe5 25. fxe5 Bxa4 26. Re1 Qc5 27. b3 Bb5 28. Bd2 Nc7 29.
Rf5 Qd5 30. Qf4 Qd7 31. Qf2 Ne6 32. a3 c5 33. axb4 axb4 34. Be3 Bc6 35. Bf1 Bd5 36. Rb1 Be4 37. Rc1 Bxf5 38. Qxf5 Ra8 39.
Bc4 Ra2+ 40. Rc2 Rfa8 41. Bd3 g6 42. Qe4 Nd4 43. Rf2 Rxf2+ 44. Bxf2 Ra2 45. Kg1 Qxh3 46. Bb1 Ne2+ 0-1

[Event "Masters Tournament (MTO)"]
[Site "Biel, Switzerland"]
[Date "2026.07.13"]
[Round "1.11"]
[White "Baenziger, Fabian"]
[Black "Stefan, Iulia-Cristiana"]
[Result "1-0"]
[TimeControl "100+30+30sec/move"]
[WhiteTitle "-"]
[BlackTitle "-"]
[WhiteFideId "1330110"]
[BlackFideId "1273876"]
[WhiteElo "2435"]
[BlackElo "2053"]

1. Nf3 d5 2. g3 Nf6 3. Bg2 e6 4. O-O Be7 5. c4 O-O 6. d4 a5 7. Qc2 Nbd7 8. Bf4 Nh5 9. Be3 Nhf6 10.
Rc1 c6 11. h4 h6 12. Nbd2 Ng4 13. Bf4 g5 14. hxg5 hxg5 15. Be5 f5 16. e3 Qe8 17. Bc7 Qh5 18. Nf1 Ndf6 19. Ne1 Ne8 20.
Bb6 Ngf6 21. Nd3 Nd7 22. Bc5 Nxc5 23. Nxc5 Nd6 24. b3 Ne4 25. Nd3 Bd7 26. Ne5 Be8 27. cxd5 exd5 28. g4 Qh4 29.
gxf5 Rxf5 30. Bxe4 dxe4 31. Ng3 Rf3 32. Kg2 g4 33. Rh1 Qf6 34. Raf1 Bg6 35. Rh6 Rxg3+ 36. Kxg3 Bd6 37. Qxe4 Bxe5+ 38. Qxe5 Qf3+ 39. Kh4 Be4 40. Rh8+ Kf7 41. Rxa8 Qh3+ 42. Kg5 1-0

[Event "Masters Tournament (MTO)"]
[Site "Biel, Switzerland"]
[Date "2026.07.13"]
[Round "1.12"]
[White "Morrison, Joseph"]
[Black "Lu, Miaoyi"]
[Result "0-1"]
[TimeControl "100+30+30sec/move"]
[WhiteTitle "-"]
[BlackTitle "-"]
[WhiteFideId "479535"]
[BlackFideId "8618020"]
[WhiteElo "2048"]
[BlackElo "2392"]

1. c4 Nf6 2. Nc3 e5 3. Nf3 Nc6 4.
e4 Bb4 5. d3 d6 6. h3 Bc5 7. a3 a6 8. b4 Ba7 9. Bb2 Nd4 10. Nxd4 Bxd4 11. Qd2 c6 12. g3 a5 13. b5 a4 14.
Bg2 Qa5 15. Rb1 Be6 16. Rf1 Qa7 17. Ne2 Bc5 18. f4 Be3 19. Qc3 Bb6 20. Qc2 cxb5 21. fxe5 dxe5 22. Bxe5 bxc4 23. Rxf6 gxf6 24.
Bxf6 cxd3 25. Qxd3 O-O 26. Rb5 Rfd8 27. Qb1 Ba5+ 28. Kf1 Rd2 29. Rxb7 Qe3 30. Rb8+ Bd8 31. Rxd8+ Raxd8 0-1

[Event "Masters Tournament (MTO)"]
[Site "Biel, Switzerland"]
[Date "2026.07.13"]
[Round "1.13"]
[White "Savitha, Shri B"]
[Black "Lumsdon, Andrew"]
[Result "1-0"]
[TimeControl "100+30+30sec/move"]
[WhiteTitle "-"]
[BlackTitle "-"]
[WhiteFideId "35061887"]
[BlackFideId "1308840"]
[WhiteElo "2368"]
[BlackElo "2033"]

1. e4 c6 2. d4 d5 3. Nc3 dxe4 4. Nxe4 Nf6 5. Nxf6+ gxf6 6. Nf3 Bg4 7. Be2 e6 8. h3 Bh5 9.
O-O Bd6 10. c4 Qc7 11. d5 e5 12. Be3 c5 13. Nh4 Bg6 14. Bg4 Nd7 15. Qa4 b6 16. a3 O-O-O 17. b4 Kb8 18. Rfd1 Rhg8 19.
Qb3 h5 20. Bf5 Rg7 21. Ra2 Ka8 22. Rb2 Rdg8 23. Qd3 Nf8 24. bxc5 bxc5 25. Bh6 Bxf5 26. Qxf5 Rg6 27. Bxf8 Bxf8 28.
Nxg6 1-0

[Event "Masters Tournament (MTO)"]
[Site "Biel, Switzerland"]
[Date "2026.07.13"]
[Round "1.14"]
[White "Aryan, Goyal"]
[Black "Cao, Qingfeng"]
[Result "0-1"]
[TimeControl "100+30+30sec/move"]
[WhiteTitle "-"]
[BlackTitle "-"]
[WhiteFideId "366108825"]
[BlackFideId "8627568"]
[WhiteElo "2029"]
[BlackElo "2365"]

1. e4 c5 2. Nf3 g6 3. c4 Nc6 4. d4 cxd4 5. Nxd4 Nf6 6. Nc3 Nxd4 7. Qxd4 d6 8. Be3 Bg7 9. Be2 O-O 10.
Qd2 a5 11. O-O a4 12. Rab1 Be6 13. b3 axb3 14. axb3 Nd7 15. f4 Nc5 16. Bd4 Qb6 17. Qe3 Bxd4 18. Qxd4 f6 19. Kh1 Qb4 20.
Nb5 Ra2 21. Bf3 Nxb3 22. Rfd1 Qxc4 23. Qxc4 Bxc4 24. Nd4 Nxd4 25. Rxd4 b5 26. h4 Rfa8 27. Kh2 R8a3 0-1

[Event "Masters Tournament (MTO)"]
[Site "Biel, Switzerland"]
[Date "2026.07.13"]
[Round "1.15"]
[White "Dong, Hongfu"]
[Black "Al Ibrahim, Abdulrahman"]
[Result "1-0"]
[TimeControl "100+30+30sec/move"]
[WhiteTitle "-"]
[BlackTitle "-"]
[WhiteFideId "8626960"]
[BlackFideId "10300503"]
[WhiteElo "2353"]
[BlackElo "2016"]

1. e4 c6 2. d4 d5 3. e5 c5 4. Nf3 cxd4 5. Nxd4 Nc6 6. Nxc6 bxc6 7. Bd3 e6 8. O-O a5 9. Qe2 Ne7 10.
Nd2 Ng6 11. Nf3 Nh4 12. Ng5 g6 13. g3 Nf5 14. Re1 Be7 15. h4 h6 16. Nf3 Qb6 17. Kg2 Ba6 18. c4 dxc4 19. Bxc4 h5 20.
Bg5 Bxg5 21. Nxg5 O-O 22. Rac1 Bb7 23. Bd3 c5+ 24. Kh3 Nd4 25. Qe3 Bd5 26. Qf4 Qxb2 27. Rxc5 Bxa2 28. Rc7 Nf5 29.
Bxf5 exf5 30. e6 f6 31. Rg7+ Kxg7 32. Qc7+ 1-0

[Event "Masters Tournament (MTO)"]
[Site "Biel, Switzerland"]
[Date "2026.07.13"]
[Round "1.16"]
[White "Stevens, Christian"]
[Black "Haimovich, Tal"]
[Result "0-1"]
[TimeControl "100+30+30sec/move"]
[WhiteTitle "-"]
[BlackTitle "-"]
[WhiteFideId "649090"]
[BlackFideId "2801698"]
[WhiteElo "2014"]
[BlackElo "2310"]

1. e4 e6 2. d4 d5 3. Nc3 Bb4 4. Nge2 dxe4 5. a3 Be7 6. Nxe4 Nc6 7. c3 Nf6 8. N2g3 e5 9. Nxf6+ Bxf6 10.
d5 Ne7 11. Bc4 Ng6 12. Nh5 O-O 13. Nxf6+ Qxf6 14. O-O Bd7 15. Be3 Rad8 16. Qb3 b6 17. Rad1 Nh4 18. f4 Qg6 19. Rf2 Bg4 20.
Be2 Bxe2 21. Rxe2 Nf3+ 22. Kh1 Nxh2 23. Qc2 Qh5 24. Kg1 Ng4 25. fxe5 Qxe5 0-1

[Event "Masters Tournament (MTO)"]
[Site "Biel, Switzerland"]
[Date "2026.07.13"]
[Round "1.17"]
[White "Balabayeva, Xeniya"]
[Black "Arndt, Uwe"]
[Result "1-0"]
[TimeControl "100+30+30sec/move"]
[WhiteTitle "-"]
[BlackTitle "-"]
[WhiteFideId "13719688"]
[BlackFideId "24647713"]
[WhiteElo "2302"]
[BlackElo "2005"]

1. d4 d5 2. c4 e6 3. Nc3 c6 4. Nf3 Nf6 5. Qd3 dxc4 6. Qxc4 b5 7. Qd3 Bb7 8. Bg5 h6 9. Bxf6 Qxf6 10.
g3 a6 11. Bg2 Nd7 12. Rc1 Bb4 13. O-O Bxc3 14. Qxc3 Rc8 15. Nd2 Qe7 16. Nb3 b4 17. Qd2 Ba8 18. Rc4 c5 19. Bxa8 Rxa8 20.
dxc5 a5 21. Rd1 Ne5 22. Rcc1 Nc6 23. Qd6 Rc8 24. Nd4 Qxd6 25. cxd6 Kd7 26. Nb3 Ne5 27. Nc5+ Kd8 28. f4 Nc6 29.
e4 e5 30. Rd5 exf4 31. gxf4 f6 32. d7 1-0

[Event "Masters Tournament (MTO)"]
[Site "Biel, Switzerland"]
[Date "2026.07.13"]
[Round "1.18"]
[White "Petry, Martin"]
[Black "Arsenie, Cristian Marc"]
[Result "0-1"]
[TimeControl "100+30+30sec/move"]
[WhiteTitle "-"]
[BlackTitle "-"]
[WhiteFideId "1352318"]
[BlackFideId "1345923"]
[WhiteElo "1999"]
[BlackElo "2300"]

1. Nf3 Nf6 2. g3 c5 3. Bg2 Nc6 4. d4 cxd4 5. Nxd4 e5 6. Nxc6 dxc6 7. Qxd8+ Kxd8 8. Nc3 Kc7 9. a3 Bd6 10.
h3 h6 11. Be3 Bf5 12. O-O-O Rhe8 13. Rd2 e4 14. g4 Bg6 15. Rhd1 Be5 16. Bd4 Bf4 17. e3 Be5 18. Bxe5+ Rxe5 19. h4 Rae8 20. Bh3 Bh7 21. b4 g5 22. h5 R8e7 23. Kb2 Nd7 24.
Rd6 R5e6 25. R6d2 Ne5 26. Kb3 Rd7 27. Rxd7+ Nxd7 28. Rd4 Ne5 29. Bg2 Nxg4 30. Bxe4 f5 31. Bd3 Nxf2 32. Bc4 Re5 33. e4 Rxe4 34. Nd1 Re3+ 35. Nc3 0-1

[Event "Masters Tournament (MTO)"]
[Site "Biel, Switzerland"]
[Date "2026.07.13"]
[Round "1.19"]
[White "Pleschke, Julius Jonas"]
[Black "Oestmann, Lukas"]
[Result "1-0"]
[TimeControl "100+30+30sec/move"]
[WhiteTitle "-"]
[BlackTitle "-"]
[WhiteFideId "54734258"]
[BlackFideId "1326457"]
[WhiteElo "2280"]
[BlackElo "1998"]

1. d4 Nf6 2. c4 c5 3. d5 e6 4. Nc3 exd5 5. cxd5 d6 6. Nf3 g6 7. Bg5 h6 8. Bh4 g5 9. Bg3 a6 10.
a4 Nh5 11. e3 Nxg3 12. hxg3 Bg7 13. Bd3 Nd7 14. Nd2 Ne5 15. Be2 O-O 16. f4 Ng6 17. Kf2 Re8 18. Nc4 Qf6 19. Qd2 gxf4 20. gxf4 Bf5 21. Rae1 Be4 22.
Bf3 Bxf3 23. gxf3 Rad8 24. Ne4 Qe7 25. Reg1 b5 26. Na5 Qd7 27. Nc6 Rc8 28. Rh5 f5 29. Rxh6 1-0

[Event "Masters Tournament (MTO)"]
[Site "Biel, Switzerland"]
[Date "2026.07.13"]
[Round "1.20"]
[White "Malli, Shiivesh Sunil"]
[Black "Ashwath, Kaushik"]
[Result "0-1"]
[TimeControl "100+30+30sec/move"]
[WhiteTitle "-"]
[BlackTitle "-"]
[WhiteFideId "1340409"]
[BlackFideId "33387230"]
[WhiteElo "1994"]
[BlackElo "2278"]

1. c4 e5 2. Nc3 Nf6 3. g3 Bc5 4. Bg2 c6 5. e4 h5 6. h3 a5 7. Nge2 d6 8. d3 Na6 9. a3 Rb8 10.
Bg5 Nc7 11. Rb1 Ne6 12. Bd2 Bb6 13. b4 axb4 14. axb4 g5 15. Qc1 h4 16. Be3 Bxe3 17. Qxe3 Ra8 18. d4 exd4 19. Nxd4 Nxd4 20.
Qxd4 Qe7 21. g4 Qe5 22. Qxe5+ dxe5 23. O-O Ra3 24. Nd1 Be6 25. Ne3 O-O 26. b5 c5 27. Ra1 Rfa8 28. Rxa3 Rxa3 29.
Nd5 Bxd5 30. exd5 Ra4 31. Re1 e4 32. Bf1 Ra2 33. Bg2 Rc2 34. Bf1 Ra2 35. Bg2 Rc2 36. Bf1 Kf8 37. Re3 Rc1 38.
Kg2 Rc2 39. Re1 Rd2 40. Kg1 Ke7 41. Ra1 Ne8 42. Re1 Nd6 43. f3 Kf6 44. fxe4 Ke5 45. Re3 f6 46. Re1 Kd4 47. Rc1 Nxe4 48.
Bg2 Nc3 49. Bf1 Ne4 50. Bg2 Nd6 51. Bf1 f5 52. gxf5 Nxf5 53. Re1 Ne3 54. Rc1 b6 55. d6 Ke4 56. Re1 Rxd6 57. Bg2+ Kf4 58.
Bd5 Nxd5 59. cxd5 Rxd5 60. Re6 c4 61. Rxb6 Kg3 62. Kf1 Kxh3 63. Rc6 Rxb5 64. Rxc4 Rb1+ 65. Kf2 Rb2+ 66. Kf1 g4 67.
Kg1 Rb1+ 68. Kf2 g3+ 69. Kf3 Rf1+ 70. Ke2 g2 0-1

[Event "Masters Tournament (MTO)"]
[Site "Biel, Switzerland"]
[Date "2026.07.13"]
[Round "1.21"]
[White "Cherniaev, Alexander"]
[Black "Di Candia, Roberto"]
[Result "1-0"]
[TimeControl "100+30+30sec/move"]
[WhiteTitle "-"]
[BlackTitle "-"]
[WhiteFideId "4117301"]
[BlackFideId "856649"]
[WhiteElo "2275"]
[BlackElo "1988"]

1. e4 e5 2. Nc3 Nf6 3. f4 d5 4. fxe5 Nxe4 5. Qf3 f5 6. d3 Nxc3 7. bxc3 d4 8. Qg3 Be6 9. Be2 Nc6 10.
Bf3 Qd7 11. Ne2 O-O-O 12. c4 Bc5 13. Rb1 b6 14. Kd1 Rde8 15. Re1 g5 16. Bxg5 Rhg8 17. Qf4 Nb4 18. Nc1 Qa4 19. Rb2 Bxc4 20.
dxc4 d3 21. Qxf5+ Kb8 22. Nxd3 Rxg5 23. Nxc5 Rd8+ 24. Ke2 1-0

[Event "Masters Tournament (MTO)"]
[Site "Biel, Switzerland"]
[Date "2026.07.13"]
[Round "1.22"]
[White "Coban, Ege"]
[Black "Udelnov, Valentin"]
[Result "1-0"]
[TimeControl "100+30+30sec/move"]
[WhiteTitle "-"]
[BlackTitle "-"]
[WhiteFideId "26320304"]
[BlackFideId "16265734"]
[WhiteElo "1986"]
[BlackElo "2269"]

1. e4 e5 2. Nf3 Nc6 3. Bb5 a6 4. Ba4 d6 5. c4 Bg4 6. Nc3 Nf6 7. d3 Be7 8. Be3 O-O 9. h3 Bxf3 10.
Qxf3 Nb4 11. Qe2 c5 12. O-O Ne8 13. a3 Nc6 14. Nd5 Bg5 15. Qg4 h6 16. h4 Bxe3 17. fxe3 Kh8 18. Rf3 Rb8 19.
Raf1 f6 20. Rg3 b5 21. cxb5 axb5 22. Bb3 c4 23. dxc4 Na5 24. Bd1 Nxc4 25. Qh5 Nd2 26. Rf5 Rc8 27. Be2 Nxe4 28. Rg6 Qd7 29.
Bd3 Rc1+ 30. Kh2 Nc5 31. Bxb5 Qe6 32. Bxe8 Rxe8 33. Rfxf6 Qxd5 34. Rxh6+ gxh6 35. Rxh6+ Kg7 36. Qg6+ Kf8 37.
Qf6+ Qf7 38. Rh8# 1-0

[Event "Masters Tournament (MTO)"]
[Site "Biel, Switzerland"]
[Date "2026.07.13"]
[Round "1.23"]
[White "Rappazzo, Johannes"]
[Black "Celis, Joel"]
[Result "1-0"]
[TimeControl "100+30+30sec/move"]
[WhiteTitle "-"]
[BlackTitle "-"]
[WhiteFideId "1340069"]
[BlackFideId "15400212"]
[WhiteElo "2268"]
[BlackElo "1981"]

1. e4 c5 2. Nf3 Nc6 3. d4 cxd4 4. Nxd4 g6 5. Nc3 Bg7 6. Be3 Nf6 7. Bc4 O-O 8. Bb3 Re8 9. f4 d6 10.
Qf3 Bg4 11. Qf2 Bd7 12. h3 e6 13. Ndb5 Nxe4 14. Nxe4 Bxb2 15. Rd1 d5 16. c3 Na5 17. Qxb2 Bxb5 18. c4 Nxb3 19. Nf6+ Kf8 20. axb3 e5 21. Bc5+ Kg7 22. Nxe8+ Qxe8 23.
Rxd5 Qc6 24. O-O 1-0

[Event "Masters Tournament (MTO)"]
[Site "Biel, Switzerland"]
[Date "2026.07.13"]
[Round "1.24"]
[White "Aryan, Mehta"]
[Black "Nguyen, Thi Mai Hung"]
[Result "1/2-1/2"]
[TimeControl "100+30+30sec/move"]
[WhiteTitle "-"]
[BlackTitle "-"]
[WhiteFideId "33329664"]
[BlackFideId "12401676"]
[WhiteElo "1979"]
[BlackElo "2260"]

1. d4 d5 2. c4 c6 3. cxd5 cxd5 4. Nc3 Nf6 5. Bg5 Nc6 6. Bxf6 gxf6 7. e3 f5 8. f4 e6 9. Nf3 Bg7 10.
Bd3 a6 11. O-O O-O 12. Rc1 Bd7 13. Ne2 Qb6 14. Qd2 Rfc8 15. Ng3 Ne7 16. Nh5 Bh8 17. Ne5 Be8 18. Ng3 Ng6 19. Rc2 Qd8 20.
Rfc1 Bf6 21. Ne2 Be7 22. Rxc8 Rxc8 23. Rxc8 Qxc8 24. Qc2 Qxc2 25. Bxc2 Nxe5 26. dxe5 f6 27. exf6 Bxf6 28. Nd4 Kf7 29. Kf2 h6 30. h3 Bd7 31.
g4 fxg4 32. hxg4 Ke7 33. b4 Kd6 34. Ke2 b6 35. Kd2 Bg7 36. Bg6 Bc8 37. Kc2 Bd7 38. Kd2 Bf8 39. Nf3 a5 40. a3 Bg7 41.
Nd4 axb4 42. axb4 Ke7 43. Bc2 Kf6 44. Nf3 Bf8 45. Kc3 Bd6 46. g5+ hxg5 47. fxg5+ Kg7 48. e4 Bc6 49. Nd4 Be5 50.
Kd3 dxe4+ 51. Ke3 Bd7 52. Kxe4 Bd6 53. Bb3 Kf7 54. g6+ Kxg6 55. Bxe6 Be8 56. b5 Bc5 57. Bd5 Kf6 58. Bc6 Bg6+ 59.
Kd5 Bh5 60. Ke4 Bg6+ 61. Kd5 Ke7 62. Nf3 Bf7+ 63. Ke5 Bd6+ 64. Ke4 Bc4 65. Nd4 Bh2 66. Nf5+ Ke6 67. Ne3 Be2 68. Nd5 Bf1 69.
Nxb6 Bg2+ 70. Kd3 Bxc6 71. bxc6 Kd6 72. c7 Kxc7 1/2-1/2

[Event "Masters Tournament (MTO)"]
[Site "Biel, Switzerland"]
[Date "2026.07.13"]
[Round "1.25"]
[White "Kukushkin, Ivan"]
[Black "Wiesmann, Dominique"]
[Result "1-0"]
[TimeControl "100+30+30sec/move"]
[WhiteTitle "-"]
[BlackTitle "-"]
[WhiteFideId "11634103"]
[BlackFideId "1308262"]
[WhiteElo "2257"]
[BlackElo "1978"]

1. d4 d6 2. e4 Nf6 3. Nc3 g6 4.
Nf3 Bg7 5. Bc4 O-O 6. O-O Nxe4 7. Nxe4 d5 8. Bd3 dxe4 9. Bxe4 Nd7 10. c3 c5 11. Re1 cxd4 12. Nxd4 Rb8 13. Bg5 Nf6 14.
Bf4 Ra8 15. Bf3 Nd5 16. Bg3 e6 17. Nb5 Bd7 18. Bxd5 exd5 19. Nc7 Rc8 20. Nxd5 Be6 21. Nc7 Bf5 22. Qxd8 Rcxd8 23. Rad1 Rxd1 24. Rxd1 a6 25. h3 Bf6 26.
Re1 Rd8 27. Ne8 Bg5 28. h4 Bh6 29. Bc7 Rc8 30. Bg3 Be6 31. Nd6 Rc6 32. a3 Bf8 33. Nxb7 Rb6 34. Nd8 Bd5 35. b4 a5 36.
Bc7 Ra6 37. b5 Rf6 38. Re8 1-0